 Dungeon Crawl Stone Soup version 0.15-a0-335-g04a2ae6 (webtiles) character file.

215330 Infinimo the Wrestler (level 18, -2/163 HPs)
             Began as a Minotaur Monk on May 1, 2014.
             Was the Champion of Makhleb.
             Slain by a black mamba (9 damage)
             ... on Level 5 of the Snake Pit.
             The game lasted 01:43:26 (40334 turns).

Infinimo the Wrestler (Minotaur Monk)              Turns: 40334, Time: 01:43:26

HP  -2/163       AC 21     Str 22      XL: 18   Next: 23%
MP  17/17        EV  1     Int  8      God: Makhleb [******]
Gold 3377        SH 56     Dex 14      Spells:  0 memorised, 17 levels left

rFire  + . .     SeeInvis .       - Unarmed
rCold  + . .     Clarity  +     c - +0 plate armour {rC+}
rNeg   + . .     Conserve .     y - +27 shield of the gong {rElec rN+ MR+ EV-5}
rPois  +         rCorr    .     (helmet restricted)
rElec  +         rRot     .     w - +2 cloak (curse)
SustAb . .       Spirit   .     (no gloves)
rMut   .         Warding  .     f - +2 pair of boots
Saprov . . .     Stasis   .     r - amulet of clarity
MR     ++...                    u - ring "Guxtaet" {rF+ Acc+5}
                                i - ring of poison resistance

@: constricted, very resistant to hostile enchantments, extremely unstealthy
A: retaliatory headbutt, claws 1, horns 2, spit poison 1
a: Spit Poison, Minor Destruction, Lesser Servant of Makhleb, Major Destruction,
Greater Servant of Makhleb, Renounce Religion
}: 1/15 runes: decaying


You were on level 5 of the Snake Pit.
You worshipped Makhleb.
Makhleb was exalted by your worship.
You were hungry.

You visited 6 branches of the dungeon, and saw 38 of its levels.
You also visited: Bailey and Ice Cave.

You collected 4360 gold pieces.
You spent 983 gold pieces at shops.

Inventory:

Armour
 c - a +0 plate armour of cold resistance (worn)
 f - a +2 pair of boots (worn)
 w - a cursed +2 cloak (worn)
 y - the +27 shield of the gong (worn) {rElec rN+ MR+ EV-5}
   (You acquired it on level 1 of the Lair of Beasts)

   It affects your evasion (-5).
   It insulates you from electricity.
   It protects you from negative energy.
   It affects your resistance to hostile enchantments.
Magical devices
 b - a wand of teleportation (2)
 z - a wand of teleportation (2)
 J - a wand of digging (15)
 N - a wand of polymorph (12)
 O - a wand of magic darts (11)
Comestibles
 a - 2 rotting chunks of naga flesh
 h - 12 apples
 m - 2 chokos
 n - 14 sultanas
 x - a snozzcumber
 B - 3 bread rations
 H - 6 pears
 K - 10 bananas
 L - 10 cheeses
 M - an apricot
 Q - a beef jerky
 S - 4 strawberries
 V - 10 oranges
Scrolls
 g - 7 scrolls of remove curse
 j - 5 scrolls of identify
 l - 10 scrolls of teleportation
 s - 3 scrolls of fog
 A - a scroll of recharging
 E - 3 scrolls of blinking
 T - 5 scrolls of magic mapping
 Z - 2 scrolls of fear
Jewellery
 d - an uncursed ring of positive energy {unknown}
 i - a ring of poison resistance (left claw)
 r - an amulet of clarity (around neck)
 u - the ring "Guxtaet" (right claw) {rF+ Acc+5}
   (You found it on level 7 of the Dungeon)

   [ring of protection from fire]

   It affects your accuracy with ranged weapons and melee attacks (+5).
   It protects you from fire.
 D - an uncursed ring of see invisible
 G - an uncursed amulet of conservation
Potions
 e - a potion of haste
 k - 6 potions of heal wounds
 o - a potion of might
 p - 4 potions of magic
 q - 2 potions of flight
 t - 22 potions of curing
 v - 5 potions of resistance
 P - a potion of restore abilities


   Skills:
 - Level 15.0 Fighting
 - Level 10.0 Armour
 - Level 3.2 Dodging
 - Level 2.0 Stealth
 - Level 15.2 Shields
 * Level 26.0 Unarmed Combat
 + Level 3.5 Invocations


You had 17 spell levels left.
You didn't know any spells.

Dungeon Overview and Level Annotations

Branches:
Dungeon (15/15)            Temple (1/1) D:7             Orc (4/4) D:10
    Elf (0/3) Orc:4          Lair (8/8) D:8           Swamp (5/5) Lair:3
  Snake (5/5) Lair:3        Slime (0/6) Lair:6       Vaults (0/5) D:14
 Depths (0/5) D:15

Altars:
Ashenzari
Cheibriados
Dithmenos
Elyvilon
Fedhas
Kikubaaqudgha
Makhleb
Nemelex Xobeh
Okawaru
Sif Muna
Trog
Vehumet
Xom
Yredelemnul
Zin
The Shining One
Beogh

Shops:
D:6 *   D:15 *   Orc:1 *}   Orc:2 *   Orc:4 *[*=(

Portals:
Trove: D:11 (give +6,+6 demon blade)

Annotations:
Swamp:3 exclusion: downstairs
Swamp:4 Lernaean hydra


Innate Abilities, Weirdness & Mutations

You reflexively headbutt those who attack you in melee.
You have a pair of horns on your head.
You have sharp fingernails.
You can spit poison.


Message History

* * * LOW HITPOINT WARNING * * *
The greater naga constricts you. You block the black mamba's attack.
You furiously retaliate!
You headbutt the black mamba!
The greater naga gestures at you while chanting.
You resist with almost no effort.
* * * LOW HITPOINT WARNING * * *
The greater naga constricts you. The black mamba bites you!
* * * LOW HITPOINT WARNING * * *
A naga comes into view. It is wielding a dire flail.
Unknown command.
Unknown command.
Unknown command.
Drink which item? (? for menu, Esc to quit)
You feel much better. You block the black mamba's attack.
The black mamba bites you!
* * * LOW HITPOINT WARNING * * *
The greater naga hits you from afar with a halberd!
* * * LOW HITPOINT WARNING * * *
The black mamba bites you!
You die...

... ......... ............
%........... ............#
.............+ #.....
..............# #.....)
..........S....# #......
...........S@...# #......
...........NNSS..# #......
..............N...#######......
............N...................
.................................
...........N.....................
.................................
.........(.......................
####...)###################......
#....# #......


You could see 3 greater nagas, 4 black mambas and 2 nagas.

Vanquished Creatures
  Saint Roka (Orc:4)
  Rupert (Snake:4)
  2 thorn hunters
  Donald (Snake:1)
  3 greater nagas
  2 orc warlords
  Jorgrun (Snake:1)
  A dire elephant (D:15)
  A great orb of eyes (shapeshifter) (D:15)
  Josephine (D:13)
  Fannar (Lair:6)
  19 hydras
  Harold (Lair:7)
  11 anacondas
  10 naga warriors
  An ice dragon (Swamp:4)
  Erica (Orc:2)
  9 death yaks
  2 shambling mangroves
  4 tengu warriors
  8 alligators
  An orc high priest (Orc:4)
  5 centaur warriors
  A very ugly thing (Swamp:1)
  11 naga sharpshooters
  Nergalle (Lair:7)
  A deep elf knight (Orc:4)
  6 shock serpents
  A salamander mystic (Snake:4)
  2 sea snakes
  4 unseen horrors
  4 mana vipers
  8 naga ritualists
  2 ice statues (IceCv)
  A wizard (D:14)
  12 swamp dragons
  3 orc sorcerers
  10 hill giants
  11 orc knights
  A griffon (Lair:6)
  Joseph (Orc:2)
  A red wasp (Swamp:3)
  3 manticores
  3 wolf spiders
  2 guardian serpents
  9 salamanders
  7 elephants
  33 black mambas
  A cyclops (D:11)
  7 naga magi
  26 spiny frogs
  A queen ant (Lair:5)
  8 yaktaurs
  A feature mimic (Orc:4)
  3 kobold demonologists
  2 tengu conjurers
  5 komodo dragons
  Grinder (D:5)
  8 giant fireflies
  3 trolls
  2 fire drakes (Lair:5)
  A polar bear (Lair:7)
  A hydra zombie (D:15)
  3 giant leeches
  A two-headed ogre (D:11)
  Sonja (Orc:2)
  12 baby alligators
  3 slime creatures (D:13)
  18 ravens
  9 blink frogs
  7 bog bodies
  A griffon zombie (D:14)
  A catoblepas skeleton (D:11)
  A wandering mushroom (D:8)
  5 shadows
  7 spriggans
  A redback (Lair:8)
  A water elemental (D:15)
  7 wyverns
  4 hill giant zombies
  17 ugly things
  A wraith (D:12)
  45 yaks
  Eustachio (D:10)
  4 deep elf magi
  8 hippogriffs
  A steam dragon (D:11)
  6 sharks
  2 hill giant skeletons (D:14)
  2 hungry ghosts
  6 soldier ants
  16 vampire mosquitoes
  7 wolves
  2 deep elf fighters
  6 wargs
  8 porcupines
  Edmund (D:5)
  A tengu zombie (D:13)
  3 mottled dragons
  35 nagas
  28 swamp worms
  An ogre skeleton (D:13)
  16 swamp drakes
  55 water moccasins
  7 sky beasts
  54 orc warriors
  5 spiders
  2 black bears
  A hydra simulacrum (Swamp:4)
  14 ice beasts
  2 manticore zombies (D:13)
  2 yellow wasps
  6 phantoms
  10 ogres
  A boring beetle (Lair:5)
  An elf skeleton (D:13)
  17 centaurs
  The ghost of BluebellGnoll the Sneak, an average SpEn (D:3)
  Duvessa (D:5)
  9 big kobolds
  31 crocodiles
  9 giant slugs
  4 gnoll sergeants
  Blork the orc (Orc:4)
  A cyclops zombie (D:14)
  21 giant frogs
  4 insubstantial wisps (Swamp:1)
  30 killer bees
  3 cyclops skeletons
  2 eyes of draining
  A troll zombie (D:10)
  4 scorpions
  A hippogriff skeleton (D:13)
  A yak skeleton (D:11)
  17 wights
  A quasit (D:7)
  A vampire bat (D:6)
  5 electric eels
  Dowan (D:5)
  5 crimson imps
  29 jellies
  A gnoll shaman (D:5)
  3 goliath beetles
  10 hounds
  A pulsating lump (shapeshifter) (D:14)
  Crazy Yiuf (D:5)
  An elf zombie (D:13)
  20 orc priests
  A giant frog skeleton (D:6)
  35 orc wizards
  A two-headed ogre zombie (D:12)
  7 big fish
  6 iguanas
  19 worker ants
  3 orange rats (Lair:1)
  5 ogre zombies (D:10)
  4 sheep
  A mottled dragon zombie (D:13)
  2 mummies
  2 hound skeletons
  A worker ant zombie (D:5)
  23 orc zombies
  26 gnolls
  49 green rats
  49 adders
  8 shadow imps
  A giant mite (D:5)
  6 worms
  4 giant eyeballs
  14 giant geckos
  2 oozes
  157 orcs
  28 bats
  2 bat skeletons (D:6)
  5 bat zombies
  15 goblins
  36 hobgoblins
  17 quokkas
  2 ball pythons
  9 giant cockroaches
  A giant gecko zombie (D:8)
  16 giant newts
  A giant spore (D:11)
  A goblin skeleton (D:10)
  2 goblin zombies (D:10)
  4 jackals
  A jackal skeleton (D:5)
  35 kobolds
  2 orc skeletons
  A quokka skeleton (D:4)
  31 rats
  2 fungi
1628 creatures vanquished.

Vanquished Creatures (others)
  A black mamba (Snake:5)
  4 orcs
  A hobgoblin (Orc:2)
  3 fungi
  14 plants
23 creatures vanquished.

Grand Total: 1651 creatures vanquished

Notes
Turn   | Place    | Note
--------------------------------------------------------------
     0 | D:1      | Infinimo, the Minotaur Monk, began the quest for the Orb.
     0 | D:1      | Reached XP level 1. HP: 19/19 MP: 1/1
   140 | D:1      | Reached skill level 1 in Armour
   394 | D:1      | Reached XP level 2. HP: 26/26 MP: 1/1
   700 | D:2      | Reached skill level 5 in Unarmed Combat
   726 | D:2      | Reached XP level 3. HP: 28/31 MP: 2/2
  1078 | D:2      | Reached XP level 4. HP: 23/39 MP: 2/2
  1476 | D:3      | Noticed BluebellGnoll's ghost (average SpEn)
  1521 | D:3      | Killed BluebellGnoll's ghost
  1521 | D:3      | Reached skill level 6 in Unarmed Combat
  1521 | D:3      | Reached XP level 5. HP: 32/45 MP: 2/2
  2067 | D:3      | Noticed a hill giant zombie
  2650 | D:3      | Noticed an ice beast
  2662 | D:3      | Killed an ice beast
  2662 | D:3      | Reached XP level 6. HP: 36/51 MP: 3/3
  2807 | D:3      | Reached skill level 7 in Unarmed Combat
  2836 | D:3      | Killed a hill giant zombie
  3115 | D:4      | Reached skill level 5 in Armour
  3121 | D:4      | Reached XP level 7. HP: 53/57 MP: 3/3
  3232 | D:4      | Reached skill level 8 in Unarmed Combat
  3842 | D:4      | Reached skill level 9 in Unarmed Combat
  3937 | D:5      | Entered Level 5 of the Dungeon
  4113 | D:5      | Reached XP level 8. HP: 23/64 MP: 3/3
  4323 | D:5      | Found an ancient bone altar of Kikubaaqudgha.
  4349 | D:5      | Noticed Duvessa
  4349 | D:5      | Noticed Dowan
  4358 | D:5      | Killed Duvessa
  4377 | D:5      | Killed Dowan
  4562 | D:4      | Reached skill level 10 in Unarmed Combat
  4826 | D:5      | Found a shadowy altar of Dithmenos.
  4869 | D:5      | Noticed Grinder
  4872 | D:5      | Noticed Edmund
  4878 | D:5      | Paralysed by Grinder for 6 turns
  4886 | D:5      | Killed Grinder
  4895 | D:5      | Killed Edmund
  4895 | D:5      | Reached skill level 11 in Unarmed Combat
  4920 | D:5      | Found a glowing golden altar of the Shining One.
  5101 | D:5      | Reached XP level 9. HP: 70/70 MP: 4/4
  5309 | D:5      | Noticed Crazy Yiuf
  5314 | D:5      | Killed Crazy Yiuf
  5586 | D:6      | Found Jial's Assorted Antiques.
  5739 | D:6      | You fall through a shaft for 3 floors!
  6234 | D:6      | Found an ancient bone altar of Kikubaaqudgha.
  6401 | D:7      | Got a vibrating lead ring
  6434 | D:7      | Reached skill level 12 in Unarmed Combat
  6704 | D:7      | Found a staircase to the Ecumenical Temple.
  6942 | D:7      | Identified the ring "Guxtaet" {rF+ Acc+5} (You found it on level 7 of the Dungeon)
  7454 | Temple   | Entered the Ecumenical Temple
  7681 | Temple   | Became a worshipper of Makhleb the Destroyer
  7681 | Temple   | Acquired Makhleb's first power
  7681 | Temple   | Acquired Makhleb's second power
  7947 | D:8      | Found a staircase to the Lair.
  7958 | D:8      | Reached skill level 13 in Unarmed Combat
  7958 | D:8      | Reached XP level 10. HP: 73/77 MP: 4/4
  7964 | D:8      | Paralysed by a giant eyeball for 4 turns
  7994 | D:8      | Reached skill level 10 in Armour
  8086 | D:8      | Paralysed by a giant eyeball for 4 turns
  8580 | D:8      | Acquired Makhleb's third power
  8580 | D:8      | Reached skill level 5 in Fighting
  8609 | D:8      | Noticed a two-headed hydra
  8619 | D:8      | Killed a two-headed hydra
  8619 | D:8      | Reached skill level 14 in Unarmed Combat
  9202 | D:9      | Acquired Makhleb's fourth power
  9605 | D:9      | Found a shimmering altar of Xom.
  9661 | D:10     | Entered Level 10 of the Dungeon
  9834 | D:10     | Noticed Eustachio
  9870 | D:10     | Killed Eustachio
  9870 | D:10     | Reached XP level 11. HP: 92/92 MP: 4/4
  9890 | D:10     | Found a staircase to the Orcish Mines.
  9948 | D:10     | Acquired Makhleb's fifth power
 10042 | D:10     | Reached skill level 15 in Unarmed Combat
 10223 | D:10     | Paralysed by a giant eyeball for 3 turns
 10259 | D:10     | Paralysed by a giant eyeball for 3 turns
 10433 | D:10     | Noticed a hill giant
 10439 | D:10     | Killed a hill giant
 10803 | D:10     | Noticed a hill giant
 10814 | D:10     | Killed a hill giant
 11154 | D:10     | Got a crude cloak
 11158 | D:10     | Identified the -6 cloak of Autumn {rC+} (You found it on level 10 of the Dungeon)
 11234 | D:11     | Noticed a hill giant
 11241 | D:11     | Killed a hill giant
 11360 | Lair:1   | Entered Level 1 of the Lair of Beasts
 11562 | Lair:1   | Found a blossoming altar of Fedhas.
 11565 | Lair:1   | Identified a scroll of acquirement
 11662 | Lair:1   | Reached skill level 1 in Shields
 11756 | Lair:1   | Reached skill level 5 in Shields
 12408 | Lair:2   | Reached XP level 12. HP: 104/104 MP: 5/5
 13233 | Lair:3   | Reached skill level 16 in Unarmed Combat
 13383 | Lair:3   | Found a staircase to the Swamp.
 13495 | Lair:3   | Found a staircase to the Snake Pit.
 14901 | Lair:5   | Reached skill level 10 in Shields
 15461 | Lair:5   | Reached skill level 17 in Unarmed Combat
 15679 | Lair:6   | Noticed a five-headed hydra
 15689 | Lair:6   | Killed a five-headed hydra
 15703 | Lair:6   | Noticed an eight-headed hydra
 15776 | Lair:6   | Noticed a seven-headed hydra
 15791 | Lair:5   | Killed a seven-headed hydra
 15937 | Lair:5   | Reached XP level 13. HP: 111/111 MP: 5/5
 16040 | Lair:5   | Killed an eight-headed hydra
 16044 | Lair:5   | Reached skill level 18 in Unarmed Combat
 16574 | Lair:6   | Found a staircase to the Slime Pits.
 17073 | Lair:7   | Noticed Nergalle
 17075 | Lair:7   | Noticed Fannar
 17140 | Lair:6   | Killed Fannar
 17308 | Lair:7   | Noticed Harold
 17336 | Lair:7   | Killed Nergalle
 17488 | Lair:7   | Killed Harold
 17488 | Lair:7   | Reached skill level 19 in Unarmed Combat
 18093 | Lair:8   | Entered Level 8 of the Lair of Beasts
 18552 | Lair:7   | Reached XP level 14. HP: 71/118 MP: 5/5
 18649 | Lair:8   | Found a frozen archway.
 18656 | IceCv    | Entered an ice cave
 18773 | Lair:8   | Found a blossoming altar of Fedhas.
 19107 | Lair:8   | Reached skill level 20 in Unarmed Combat
 20177 | Orc:1    | Entered Level 1 of the Orcish Mines
 20177 | Orc:1    | Found Ytausu's Assorted Antiques.
 20288 | Orc:1    | Bought a scroll of blinking for 187 gold pieces
 20299 | Orc:1    | Found an iron altar of Okawaru.
 20381 | Orc:2    | Noticed Erica
 20391 | Orc:2    | Noticed Joseph
 20398 | Orc:2    | Killed Erica
 20404 | Orc:2    | Killed Joseph
 20425 | Orc:2    | Found Oqationi's General Store.
 20472 | Orc:2    | Bought a potion of haste for 98 gold pieces
 20965 | Orc:2    | Noticed Sonja
 20999 | Orc:2    | Killed Sonja
 21342 | Orc:1    | Found Schul's Gadget Emporium.
 21531 | Orc:4    | Entered Level 4 of the Orcish Mines
 21539 | Orc:4    | Found a staircase to the Elven Halls.
 21831 | Orc:4    | Noticed an orc warlord
 21861 | Orc:3    | Killed an orc warlord
 22213 | Orc:4    | Noticed Saint Roka
 23496 | Orc:4    | Found Quev's Assorted Antiques.
 23507 | Orc:4    | Bought a heavily runed ring mail for 162 gold pieces
 23507 | Orc:4    | Bought a scroll labeled TOUNEX ICUGG for 18 gold pieces
 23540 | Orc:4    | Identified the cursed -1 ring mail of the Slug {rElec Dam+2} (You bought it in a shop on level 4 of the Orcish Mines)
 23866 | Orc:4    | Got a steaming bronze amulet
 23884 | Orc:4    | Identified the amulet of the Frog {Gourm rF+ Acc+2} (You took it off an orc warrior on level 4 of the Orcish Mines)
 24023 | Orc:4    | Killed Saint Roka
 24023 | Orc:4    | Reached skill level 21 in Unarmed Combat
 24114 | Orc:4    | Found a roughly hewn altar of Beogh.
 24119 | Orc:4    | Noticed Blork the orc
 24121 | Orc:4    | Found Qiado's Jewellery Emporium.
 24129 | Orc:4    | Killed Blork the orc
 24155 | Orc:4    | Noticed an orc warlord
 24184 | Orc:4    | Killed an orc warlord
 24213 | Orc:4    | Found Neus' Antique Armour Emporium.
 24542 | Orc:4    | Bought an uncursed ring of poison resistance for 320 gold pieces
 24561 | Orc:4    | Found Der Fiek's Antique Weapon Emporium.
 24577 | Orc:4    | Found Xayblel's General Store.
 24584 | Orc:4    | Bought a scroll of enchant armour for 90 gold pieces
 24662 | Orc:2    | Reached XP level 15. HP: 124/124 MP: 6/6
 25285 | D:11     | Found a shattered altar of Ashenzari.
 25473 | D:11     | Found a portal to a secret trove of treasure.
 26093 | D:12     | Found a shimmering altar of Xom.
 26320 | D:12     | Identified Yghijec's Compendium of Toxic Aid (You found it on level 12 of the Dungeon)
 26592 | D:13     | Reached skill level 15 in Shields
 26598 | D:13     | Noticed Josephine
 26613 | D:13     | Killed Josephine
 26816 | D:13     | Found a flagged portal.
 26844 | Bailey   | Entered a bailey
 27523 | D:13     | Reached skill level 22 in Unarmed Combat
 28269 | D:14     | Gained mutation: You can spit poison. [potion of beneficial mutation]
 28538 | D:14     | Reached skill level 10 in Fighting
 28929 | D:14     | Found a gate to the Vaults.
 29007 | D:15     | Entered Level 15 of the Dungeon
 29281 | D:15     | Found a staircase to the Depths.
 29304 | D:15     | Reached XP level 16. HP: 135/135 MP: 6/6
 29368 | D:15     | Reached skill level 23 in Unarmed Combat
 29706 | D:15     | Found Ofaas' Assorted Antiques.
 29709 | D:15     | Bought a scroll of teleportation for 108 gold pieces
 30283 | Snake:1  | Entered Level 1 of the Snake Pit
 30654 | Snake:1  | Found a blossoming altar of Fedhas.
 30986 | Snake:2  | Noticed Jorgrun
 31012 | Snake:1  | Killed Jorgrun
 31188 | Snake:2  | Noticed Donald
 31241 | Snake:1  | Killed Donald
 33406 | Snake:3  | Reached skill level 24 in Unarmed Combat
 33710 | Snake:4  | Reached XP level 17. HP: 149/149 MP: 6/6
 34325 | Snake:4  | Noticed Rupert
 34353 | Snake:4  | Killed Rupert
 34799 | Swamp:1  | Entered Level 1 of the Swamp
 35255 | Swamp:1  | Gained mutation: You have sharp fingernails. [potion of beneficial mutation]
 36099 | Swamp:2  | Reached skill level 25 in Unarmed Combat
 37990 | Swamp:5  | Entered Level 5 of the Swamp
 38389 | Swamp:5  | Noticed the 27-headed Lernaean hydra
 38782 | Swamp:4  | HP: 5/154 [the 27-headed Lernaean hydra (7)]
 39214 | Swamp:3  | Reached skill level 15 in Fighting
 39285 | Swamp:5  | Reached XP level 18. HP: 163/163 MP: 6/8
 39305 | Swamp:5  | Reached skill level 1 in Invocations
 39523 | Swamp:5  | Got a decaying rune of Zot
 39990 | Snake:5  | Entered Level 5 of the Snake Pit
 40306 | Snake:5  | Reached skill level 26 in Unarmed Combat
 40334 | Snake:5  | HP: 7/163 [greater naga/halberd (12)]
 40334 | Snake:5  | Slain by a black mamba

Action                   |  1- 3 |  4- 6 |  7- 9 | 10-12 | 13-15 | 16-18 || total
-------------------------+-------+-------+-------+-------+-------+-------++-------
Melee: Unarmed           |    86 |   140 |   471 |  1096 |  2211 |  1538 ||  5542
 Abil: Spit Poison       |       |       |       |       |     1 |       ||     1
Evoke: Wand              |       |    10 |     1 |     6 |     3 |     1 ||    21
  Use: Scroll            |     7 |     2 |     9 |    15 |    14 |     8 ||    55
       Potion            |       |       |     2 |     1 |     4 |     7 ||    14
 Stab: Sleeping          |     2 |       |       |       |       |       ||     2
       Distracted        |       |     1 |       |       |       |       ||     1
       Confused          |       |       |       |       |     3 |     1 ||     4
